[Event "Titled Tuesday Blitz June 1 2021"]
[White "Romanchuk, Viktor"]
[Black "Torkkola, Henri"]
[WhiteFideId "14109271"]
[BlackFideId "507660"]
[WhiteElo "2242"]
[BlackElo "2137"]
[Result "1-0"]
[Round "10"]
[TimeControl "180+1"]
[Date "2021.06.01"]
[WhiteClock "0:00:42"]
[BlackClock "0:00:03"]

1. d4 d6 2. c4 g6 3. Nf3 Bg7 4. g3 e5 5. dxe5 dxe5 6. Qxd8+ Kxd8 7. Nc3 c6 8. Ne4 Kc7 9. Be3 f6 10. Bc5 Be6 11. Bd6+ Kc8 12. Nc5 Bxc4 13. Bh3+ f5 14. Nxe5 b6 15. Nxc4 bxc5 16. e4 Nh6 17. O-O-O Nd7 18. Rhe1 Ng4 19. Re2 Bd4 20. exf5 Nxf2 21. Rxd4 Nxh3 22. Rh4 Ng5 23. fxg6 Nf3 24. Rxh7 Rg8 25. Ree7 Nf6 26. Rhg7 Nd4 27. Rc7+ Kd8 28. Be5 Rxg7 29. Rxg7 Ne8 30. Rf7 Ne6 31. g7 N8xg7 32. Bxg7 1-0


[Site "https://www.chess.com"]

[Event "Titled Tuesday Blitz June 1 2021"]
[White "Rychagov, Andrey"]
[Black "TanitoluwaAps116"]
[WhiteFideId "4119932"]
[WhiteElo "2527"]
[BlackElo "2432"]
[Result "1-0"]
[Round "10"]
[TimeControl "180+1"]
[Date "2021.06.01"]
[WhiteClock "0:01:42"]
[BlackClock "0:00:15"]

1. d4 Nf6 2. c4 g6 3. Nf3 Bg7 4. Nc3 O-O 5. e4 d6 6. Be2 Nc6 7. d5 Nb4 8. O-O a5 9. Be3 Ng4 10. Bd4 e5 11. dxe6 Bxe6 12. Bxg7 Kxg7 13. Nd4 Ne5 14. f4 Nec6 15. a3 Na6 16. f5 Bd7 17. f6+ Kg8 18. Nxc6 Bxc6 19. Qd2 Kh8 20. Rf3 Rg8 21. Raf1 Nc5 22. Rh3 Qf8 23. Qg5 Re8 24. Qh4 h5 1-0


[Site "https://www.chess.com"]

[Event "Titled Tuesday Blitz June 1 2021"]
[White "Sadhwani, Raunak"]
[Black "Nesterov, Arseniy"]
[WhiteFideId "35093487"]
[BlackFideId "24198455"]
[WhiteElo "2514"]
[BlackElo "2441"]
[Result "1-0"]
[Round "10"]
[TimeControl "180+1"]
[Date "2021.06.01"]
[WhiteClock "0:00:47"]
[BlackClock "0:00:07"]

1. b3 Nf6 2. Bb2 d5 3. Nf3 Bf5 4. e3 e6 5. d4 Be7 6. Bd3 Bg6 7. O-O O-O 8. Qe2 a5 9. a3 c6 10. Nbd2 a4 11. b4 b5 12. Ne5 Nfd7 13. f4 f5 14. g4 Nf6 15. Qg2 Ne4 16. Nxe4 fxe4 17. Be2 Be8 18. g5 Bd6 19. Bg4 Qe7 20. Qh3 Bxe5 21. Bxe6+ Bf7 22. Bxf7+ Rxf7 23. dxe5 g6 24. f5 Qxg5+ 25. Kh1 Rxf5 26. Rxf5 Qxf5 27. Qxf5 gxf5 28. e6 Ra7 29. Rg1+ Kf8 30. Bd4 Re7 31. Bc5 Na6 32. Bd6 Nc7 33. Bxe7+ Kxe7 34. Rg7+ Kd6 35. Rd7+ Kxe6 36. Rxc7 1-0


[Site "https://www.chess.com"]

[Event "Titled Tuesday Blitz June 1 2021"]
[White "Sadovsky, Artem"]
[Black "Melian, Juan Sebastian"]
[WhiteFideId "4155840"]
[BlackFideId "3706575"]
[WhiteElo "2476"]
[BlackElo "1563"]
[Result "1-0"]
[Round "10"]
[TimeControl "180+1"]
[Date "2021.06.01"]
[WhiteClock "0:00:57"]
[BlackClock "0:00:01"]

1. Nf3 d5 2. g3 c6 3. Bg2 Nf6 4. O-O Bg4 5. b3 e6 6. Bb2 Nbd7 7. d3 Bd6 8. Nbd2 Qe7 9. e4 dxe4 10. dxe4 e5 11. Nc4 Bc7 12. Ba3 c5 13. Ne3 Be6 14. Nd5 Bxd5 15. exd5 Bd6 16. c4 O-O 17. Re1 Ne8 18. Bb2 f5 19. Nxe5 Bxe5 20. f4 Nd6 21. fxe5 Ne4 22. Bxe4 fxe4 23. Rxe4 Qg5 24. Qe2 Rae8 25. Rg4 Qh6 26. e6 Nf6 27. Rf4 Qg6 28. Raf1 Nh5 29. Rxf8+ Rxf8 30. Rxf8+ Kxf8 31. d6 Ke8 32. e7 Nf6 33. Bxf6 gxf6 34. Qe6 Qb1+ 35. Kg2 Qd3 36. Qg8+ 1-0


[Site "https://www.chess.com"]

[Event "Titled Tuesday Blitz June 1 2021"]
[White "Samsonkin, Artiom"]
[Black "Soto Vega, Jorge"]
[WhiteFideId "13503111"]
[BlackFideId "3800580"]
[WhiteElo "2513"]
[BlackElo "2259"]
[Result "1-0"]
[Round "10"]
[TimeControl "180+1"]
[Date "2021.06.01"]
[WhiteClock "0:00:34"]
[BlackClock "0:00:07"]

1. e4 d5 2. exd5 Qxd5 3. Nf3 Nf6 4. Be2 c6 5. O-O Bg4 6. h3 Bh5 7. c4 Qa5 8. Nc3 Nbd7 9. d4 e6 10. Qb3 Qb6 11. Be3 Qxb3 12. axb3 a6 13. g4 Bg6 14. Nd2 Be7 15. f4 O-O 16. d5 cxd5 17. cxd5 Bc5 18. Bxc5 Nxc5 19. b4 Nce4 20. Ndxe4 Nxe4 21. f5 exf5 22. gxf5 Ng3 23. fxg6 Nxf1 24. gxh7+ Kxh7 25. Rxf1 Rae8 26. Kf2 Re5 27. Rd1 Rd8 28. Bf3 Rd6 29. Ne4 Rb6 30. Nc5 Re8 31. d6 Rd8 32. d7 Rxb4 33. Nxb7 Rxb2+ 34. Kg3 Rxb7 35. Bxb7 Kg6 36. Bc6 f6 37. Re1 1-0


[Site "https://www.chess.com"]

[Event "Titled Tuesday Blitz June 1 2021"]
[White "Samunenkov, Ihor"]
[Black "Timofeev, Artyom"]
[WhiteFideId "14187086"]
[BlackFideId "4140419"]
[WhiteElo "2242"]
[BlackElo "2582"]
[Result "1/2-1/2"]
[Round "10"]
[TimeControl "180+1"]
[Date "2021.06.01"]
[WhiteClock "0:00:09"]
[BlackClock "0:00:44"]

1. d4 Nf6 2. g3 d5 3. Nf3 g6 4. Bg2 Bg7 5. c4 dxc4 6. O-O c6 7. a4 O-O 8. Na3 Be6 9. Ng5 Bf5 10. Nxc4 h6 11. Nf3 Be4 12. Bf4 Nbd7 13. Rc1 Nd5 14. Ncd2 Bxf3 15. Nxf3 Nxf4 16. gxf4 e6 17. Qb3 Qb6 18. Qxb6 axb6 19. b3 Ra5 20. e3 g5 21. fxg5 hxg5 22. Nd2 b5 23. axb5 Rxb5 24. Ra1 Rd8 25. Rfd1 g4 26. Bf1 Rb4 27. Ra4 Bf8 28. Be2 Nf6 29. Nc4 Rxb3 30. Ne5 Rb2 31. Kf1 Bd6 32. Nxg4 Nxg4 33. Bxg4 Bxh2 34. Kg2 Bd6 35. Kf3 Kf8 36. Rda1 Ke7 37. Ra8 Bb8 38. Rh1 b5 39. Rh7 b4 40. Bh5 Rf8 41. Rxf7+ Rxf7+ 42. Bxf7 Bd6 43. Bg6 b3 44. Ra7+ Kf6 45. Be4 c5 46. dxc5 Bxc5 47. Rb7 Ke5 48. Rb5 Kd6 49. Rb7 Ke5 50. Rb5 Kd6 51. Rb7 Ke5 1/2-1/2


[Site "https://www.chess.com"]

[Event "Titled Tuesday Blitz June 1 2021"]
[White "Sargsyan, Anna M."]
[Black "Titus, Andrew"]
[WhiteFideId "13308130"]
[BlackFideId "2059770"]
[WhiteElo "2263"]
[BlackElo "2044"]
[Result "1/2-1/2"]
[Round "10"]
[TimeControl "180+1"]
[Date "2021.06.01"]
[WhiteClock "0:00:21"]
[BlackClock "0:00:18"]

1. d4 d5 2. c4 e6 3. Nf3 Nf6 4. Nc3 Be7 5. Bf4 O-O 6. e3 Nbd7 7. Rc1 c5 8. cxd5 Nxd5 9. Nxd5 exd5 10. dxc5 Nxc5 11. a3 Bg4 12. Be2 Ne6 13. Be5 Bxf3 14. Bxf3 Bf6 15. Bxf6 Qxf6 16. Qxd5 Qxb2 17. O-O Qxa3 18. Qxb7 Rab8 19. Qd5 Rfd8 20. Qh5 g6 21. Qe5 Qd6 22. Qa1 Qe7 23. Qa5 Rbc8 24. Ra1 Rc7 25. h3 h5 26. Qe5 Ng5 27. Qg3 h4 28. Qg4 Nxf3+ 29. Qxf3 Kg7 30. Ra4 Rc5 31. Qf4 Rh5 32. Rfa1 Rd7 33. Qb8 Rh8 34. Qb2+ f6 35. Ra6 Rhd8 36. Qb3 Rc7 37. Qa4 g5 38. Qb5 Rdc8 39. Kh2 Kg6 40. R1a3 Rc1 41. f4 R8c5 42. Qd3+ Kh6 43. Rxa7 Rc7 44. fxg5+ Kxg5 45. R3a5+ R1c5 46. Rxc5+ Qxc5 47. Rxc7 Qxc7+ 48. Kg1 Qc1+ 49. Kf2 Qb2+ 50. Qe2 Qe5 51. Qd2 Qg3+ 52. Kf1 f5 53. e4+ Kf6 54. Qd4+ Kg5 55. Qd2+ Kf6 56. Qd4+ Kg5 57. Qg7+ Kf4 58. Qxg3+ hxg3 59. exf5 Kxf5 60. Ke2 Ke4 61. Kd2 Kd4 62. Ke2 Ke4 63. h4 Kf4 64. Kd3 Kg4 65. Ke3 Kxh4 66. Kf4 Kh5 67. Kf3 Kg6 68. Kg4 Kf6 69. Kxg3 Kg5 70. Kh3 Kh5 71. Kg3 Kg5 72. Kf3 Kf5 73. Kf2 Kg4 74. Kf1 Kg3 75. Kg1 Kg4 76. Kh2 Kh4 77. g3+ Kg4 78. Kg2 Kg5 79. Kf3 Kf5 80. g4+ Kg5 81. Kg3 Kg6 82. Kh3 Kg5 83. Kg3 Kg6 84. Kh4 Kh6 85. g5+ Kg6 86. Kg4 Kg7 87. Kf4 Kg6 88. Kg4 Kg7 89. Kh4 Kg6 90. Kg4 1/2-1/2


[Site "https://www.chess.com"]

[Event "Titled Tuesday Blitz June 1 2021"]
[White "Schmidt, Harald"]
[Black "Novik, Maxim"]
[WhiteFideId "4648358"]
[BlackFideId "4102924"]
[WhiteElo "2356"]
[BlackElo "2406"]
[Result "1-0"]
[Round "10"]
[TimeControl "180+1"]
[Date "2021.06.01"]
[WhiteClock "0:01:23"]
[BlackClock "0:02:03"]

1. e4 c6 2. Nc3 d5 3. Nf3 dxe4 4. Nxe4 Nf6 5. d3 Nxe4 6. dxe4 Qxd1+ 7. Kxd1 Bg4 8. Be3 Nd7 9. Be2 e5 10. Nd2 Be6 11. Bc4 Bxc4 12. Nxc4 O-O-O 13. Ke2 f6 14. Rhd1 Kc7 15. a4 Be7 16. Bxa7 b6 17. a5 b5 18. Bb6+ Nxb6 19. axb6+ Kb8 20. Na5 Rc8 21. Rd7 1-0


[Site "https://www.chess.com"]

[Event "Titled Tuesday Blitz June 1 2021"]
[White "Seletsky, Grigory"]
[Black "Tregubov, Pavel V."]
[WhiteFideId "14112191"]
[BlackFideId "4115341"]
[WhiteElo "2492"]
[BlackElo "2423"]
[Result "0-1"]
[Round "10"]
[TimeControl "180+1"]
[Date "2021.06.01"]
[WhiteClock "0:01:03"]
[BlackClock "0:01:12"]

1. e4 c5 2. Nf3 e6 3. c3 d5 4. e5 Nc6 5. d4 Qb6 6. a3 Bd7 7. b4 cxd4 8. cxd4 Rc8 9. Be3 Nge7 10. Bd3 Nf5 11. Bxf5 exf5 12. O-O Be7 13. Nc3 Nxb4 14. Na4 Bxa4 15. Qxa4+ Nc6 16. Rab1 Qa5 17. Qxa5 Nxa5 18. Rb5 b6 19. Rxd5 Bxa3 20. Ra1 Nc4 21. Nd2 Nxe3 22. fxe3 Rc1+ 23. Rxc1 Bxc1 24. Nc4 Ke7 25. Kf2 Rc8 26. Nd6 Rc2+ 27. Kf3 g6 28. g4 fxg4+ 29. Kxg4 Bxe3 30. Kf3 Bg1 31. Ne4 Rc4 32. Nf6 Rxd4 33. Rxd4 Bxd4 34. Ke4 Bg1 35. Nxh7 Bxh2 36. Kd5 a5 0-1


[Site "https://www.chess.com"]

[Event "Titled Tuesday Blitz June 1 2021"]
[White "Shahaliyev, Ismayil"]
[Black "Vukovic, Zdravko"]
[WhiteFideId "13406388"]
[BlackFideId "900877"]
[WhiteElo "2105"]
[BlackElo "2553"]
[Result "1-0"]
[Round "10"]
[TimeControl "180+1"]
[Date "2021.06.01"]
[WhiteClock "0:01:24"]
[BlackClock "0:00:47"]

1. d4 d5 2. Nf3 e6 3. c4 Nf6 4. Nc3 Be7 5. Bg5 O-O 6. e3 Nbd7 7. Rc1 a6 8. c5 c6 9. Bd3 e5 10. dxe5 Ne8 11. h4 Nxc5 12. Bb1 f5 13. Nxd5 cxd5 14. Rxc5 Be6 15. Nd4 Qd7 16. Nxe6 Qxe6 17. Qxd5 Qxd5 18. Rxd5 Bxg5 19. hxg5 Nc7 20. Rd6 Rad8 21. g6 hxg6 22. Rxg6 Kf7 23. Bxf5 Rh8 24. Rxh8 Rxh8 25. Rd6 1-0


[Site "https://www.chess.com"]

[Event "Titled Tuesday Blitz June 1 2021"]
[White "Shtyka, Sergey"]
[Black "Erdogdu, Mert"]
[WhiteFideId "4138465"]
[BlackFideId "6301495"]
[WhiteElo "2102"]
[BlackElo "2485"]
[Result "1-0"]
[Round "10"]
[TimeControl "180+1"]
[Date "2021.06.01"]
[WhiteClock "0:01:54"]
[BlackClock "0:00:48"]

1. e4 c5 2. Nf3 d6 3. d4 cxd4 4. Nxd4 Nf6 5. Nc3 a6 6. Bd3 g6 7. O-O Bg7 8. Nf3 O-O 9. h3 Nbd7 10. Be3 b5 11. a3 Bb7 12. Qd2 Rc8 13. Bh6 Bxh6 14. Qxh6 Qb6 15. Ng5 Rfe8 16. Kh1 Nf8 17. f4 Nh5 18. Rf3 f6 19. Nxh7 Nxh7 20. Qxg6+ Kh8 21. e5 f5 22. Bxf5 Nf8 1-0


[Site "https://www.chess.com"]

[Event "Titled Tuesday Blitz June 1 2021"]
[White "Shyaamnikhil P"]
[Black "Piesik, Piotr"]
[WhiteFideId "5024218"]
[BlackFideId "1136194"]
[WhiteElo "2300"]
[BlackElo "2369"]
[Result "1-0"]
[Round "10"]
[TimeControl "180+1"]
[Date "2021.06.01"]
[WhiteClock "0:00:19"]
[BlackClock "0:00:03"]

1. e4 g6 2. d4 Bg7 3. Be3 c6 4. c3 d6 5. Nd2 Nf6 6. h3 O-O 7. Ngf3 Nbd7 8. a4 e5 9. dxe5 Nxe5 10. Nxe5 dxe5 11. a5 Be6 12. Qa4 Qc7 13. Bc4 Bxc4 14. Qxc4 b5 15. axb6 axb6 16. O-O b5 17. Qb4 Nd7 18. c4 Qb7 19. Qd6 Rfe8 20. cxb5 cxb5 21. Rfc1 Rxa1 22. Rxa1 Bf8 23. Qd3 Bc5 24. Bh6 Bd4 25. Nb3 Bxb2 26. Ra5 Nf6 27. Nc5 Qc7 28. Rxb5 Bd4 29. Nb3 Rd8 30. Nxd4 exd4 31. e5 Nd5 32. e6 fxe6 33. Qxd4 Nc3 34. Rb7 Ne2+ 35. Kf1 Nxd4 36. Rxc7 Nf5 37. Bg5 Rb8 38. g4 Nd6 39. Re7 Ne4 40. Bh6 Rb2 41. Rg7+ Kh8 42. Rf7 Rb8 43. Re7 Nc5 44. Be3 Rc8 45. Bd4+ Kg8 46. Rg7+ Kf8 47. Rxh7 Rc6 48. Rg7 Nb3 49. Bf6 e5 50. g5 Nd2+ 51. Ke2 Ne4 52. Rxg6 Kf7 53. Rh6 1-0


[Site "https://www.chess.com"]

[Event "Titled Tuesday Blitz June 1 2021"]
[White "Sieciechowicz, Marcin"]
[Black "Shahade, Gregory"]
[WhiteFideId "1130170"]
[BlackFideId "2009064"]
[WhiteElo "2288"]
[BlackElo "2713"]
[Result "1-0"]
[Round "10"]
[TimeControl "180+1"]
[Date "2021.06.01"]
[WhiteClock "0:00:40"]
[BlackClock "0:00:12"]

1. d4 Nf6 2. c4 g6 3. Nc3 d5 4. cxd5 Nxd5 5. e4 Nxc3 6. bxc3 Bg7 7. Bc4 c5 8. Ne2 Nc6 9. Be3 O-O 10. O-O e6 11. Qd2 b6 12. Rfd1 Bb7 13. dxc5 Qxd2 14. Rxd2 Ne5 15. Bb3 Bxe4 16. cxb6 axb6 17. Rad1 b5 18. Nd4 Ng4 19. Nxb5 Nxe3 20. fxe3 Rfb8 21. c4 Bf8 22. Kf2 Bc5 23. g3 h5 24. Ke2 Kg7 25. Rf1 Rb7 26. Rf4 Bf5 27. Nd6 Rba7 28. Nxf5+ exf5 29. e4 Re7 30. Kf3 fxe4+ 31. Rxe4 Rxe4 32. Kxe4 Re8+ 33. Kd5 Rd8+ 34. Kxc5 Rxd2 35. Kb6 Rxh2 36. c5 Kf6 37. c6 Rh1 38. c7 Rc1 39. Kb7 Kg5 40. c8=Q Rxc8 41. Kxc8 Kg4 42. Bxf7 Kxg3 43. Bxg6 h4 44. Bf5 h3 45. Bxh3 1-0


[Site "https://www.chess.com"]

[Event "Titled Tuesday Blitz June 1 2021"]
[White "Sirosh, Ilja"]
[Black "Ozen, Bahadir"]
[WhiteFideId "4500458"]
[BlackFideId "6337058"]
[WhiteElo "2241"]
[BlackElo "2503"]
[Result "0-1"]
[Round "10"]
[TimeControl "180+1"]
[Date "2021.06.01"]
[WhiteClock "0:00:01"]
[BlackClock "0:00:26"]

1. e4 c6 2. d4 d5 3. exd5 cxd5 4. c4 Nf6 5. Nc3 Nc6 6. Nf3 Bg4 7. cxd5 Nxd5 8. Qb3 Bxf3 9. gxf3 e6 10. Qxb7 Nxd4 11. Bb5+ Nxb5 12. Qc6+ Ke7 13. Qc5+ Nd6 14. Nxd5+ Kd7 15. O-O Qc8 16. Qxc8+ Rxc8 17. Ne3 Be7 18. Bd2 Rhd8 19. Rab1 Rc6 20. b4 a6 21. a4 Rb8 22. Rfd1 Ke8 23. Rb3 f6 24. Rdb1 Kf7 25. Kf1 Nc4 26. Nxc4 Rxc4 27. a5 Rb5 28. Ke2 Rh4 29. Rc1 Bxb4 30. Bxb4 Rhxb4 31. Rxb4 Rxb4 32. Rc6 e5 33. Rxa6 Ra4 34. Ra7+ Kg6 35. a6 h5 36. h3 Kh6 37. Kd3 g6 38. Kc3 Ra3+ 39. Kb4 Ra1 40. Kb5 Rb1+ 41. Kc6 Ra1 42. Kb6 Rb1+ 43. Kc7 Ra1 44. Kb7 Rb1+ 45. Ka8 Ra1 46. Kb7 Rb1+ 47. Kc6 Ra1 48. Ra8 Kh7 49. Kb7 Rb1+ 50. Ka7 Rb3 51. Rb8 Rxf3 52. Rb7+ Kh6 53. Kb8 Rxf2 54. a7 Ra2 55. a8=Q Rxa8+ 56. Kxa8 g5 57. Re7 g4 58. hxg4 hxg4 59. Kb7 g3 60. Re8 Kg5 61. Kc6 Kf4 62. Kd5 Kf3 63. Ke6 g2 64. Rg8 e4 65. Kxf6 e3 66. Kf5 e2 67. Rg4 e1=Q 68. Rf4+ Kg3 0-1


[Site "https://www.chess.com"]

[Event "Titled Tuesday Blitz June 1 2021"]
[White "Siva Mahadevan"]
[Black "Szente Varga, Fruzsina"]
[WhiteFideId "25043153"]
[BlackFideId "712264"]
[WhiteElo "2203"]
[BlackElo "2106"]
[Result "1-0"]
[Round "10"]
[TimeControl "180+1"]
[Date "2021.06.01"]
[WhiteClock "0:00:20"]
[BlackClock "0:00:09"]

1. e4 e5 2. Nf3 Nc6 3. Bb5 a6 4. Ba4 Nf6 5. O-O Be7 6. Re1 b5 7. Bb3 O-O 8. d4 exd4 9. e5 Ne8 10. c3 dxc3 11. Nxc3 d6 12. Qd5 Bb7 13. e6 fxe6 14. Qxe6+ Kh8 15. Nd5 Bf6 16. Be3 Ne5 17. Nxe5 Bxe5 18. f4 Bxb2 19. Rab1 Bf6 20. Rbd1 Rb8 21. Bf2 c5 22. g4 c4 23. Bc2 Bxd5 24. Qxd5 Be7 25. Qh5 Nf6 26. Qh3 h6 27. g5 Ng8 28. Re6 Bxg5 29. fxg5 Qxg5+ 30. Bg3 d5 31. Kh1 Rbd8 32. Rg1 d4 33. Be5 Qxg1+ 34. Kxg1 Nf6 35. Bxf6 Kg8 36. Qg4 Rxf6 37. Rxf6 d3 38. Bd1 c3 39. Rg6 Kf8 40. Rxg7 c2 41. Rg8+ Ke7 42. Qg7+ Ke6 43. Bg4+ Kd5 44. Rxd8+ Kc4 45. Qd4# 1-0


[Site "https://www.chess.com"]

[Event "Titled Tuesday Blitz June 1 2021"]
[White "Solon, Nathan"]
[Black "Timmermans, Mark"]
[WhiteFideId "2017229"]
[BlackFideId "1026399"]
[WhiteElo "2628"]
[BlackElo "2756"]
[Result "0-1"]
[Round "10"]
[TimeControl "180+1"]
[Date "2021.06.01"]
[WhiteClock "0:00:03"]
[BlackClock "0:00:33"]

1. d4 Nf6 2. c4 e6 3. g3 d5 4. Bg2 Be7 5. Nf3 O-O 6. O-O dxc4 7. Qc2 b5 8. a4 b4 9. Nfd2 c6 10. Nxc4 Qxd4 11. Rd1 Qc5 12. Be3 Qh5 13. Nbd2 e5 14. Nf3 Ng4 15. Rac1 Bf5 16. Qb3 e4 17. Nh4 Bxh4 18. gxh4 Qxh4 19. h3 Nxe3 20. Qxe3 Bg6 21. Ne5 Re8 22. Qd4 a5 23. e3 Qg5 24. Rc5 Na6 25. Rxc6 Rxe5 26. Rxa6 Rae8 27. Kh2 Rf5 28. Rd2 h5 29. Qd7 Rf8 30. Bxe4 Rxf2+ 31. Rxf2 Bxe4 32. Qd6 Qxe3 33. Qf4 Qe1 34. Kg3 f6 35. Qd2 Qg1+ 36. Kh4 Kh7 37. Ra7 Ra8 38. Re7 Rd8 39. Qxd8 Qg5# 0-1


[Site "https://www.chess.com"]

[Event "Titled Tuesday Blitz June 1 2021"]
[White "Sonis, Francesco"]
[Black "Hansen, Eric"]
[WhiteFideId "895733"]
[BlackFideId "2606771"]
[WhiteElo "2373"]
[BlackElo "2568"]
[Result "0-1"]
[Round "10"]
[TimeControl "180+1"]
[Date "2021.06.01"]
[WhiteClock "0:00:05"]
[BlackClock "0:01:30"]

1. d4 Nf6 2. c4 g6 3. Nf3 Bg7 4. g3 O-O 5. Bg2 d5 6. cxd5 Nxd5 7. O-O Nb6 8. e3 Nc6 9. Nc3 Re8 10. a3 a5 11. d5 Ne5 12. Nxe5 Bxe5 13. e4 e6 14. Be3 Nc4 15. Bc1 exd5 16. exd5 Bf5 17. Qb3 Nd6 18. Be3 Bd3 19. Rfd1 Bf5 20. Rac1 Bg4 21. Re1 Qf6 22. Na4 b5 23. Nc5 Bxb2 24. Rc2 Bd4 25. h3 a4 26. Qb4 Bf5 27. Bxd4 Rxe1+ 28. Qxe1 Qxd4 29. Rc1 Re8 30. Qa5 Re2 31. Qa8+ Kg7 32. Ne6+ Bxe6 33. dxe6 Qxf2+ 34. Kh2 Ne4 35. Rxc7 Qxg2# 0-1


[Site "https://www.chess.com"]

[Event "Titled Tuesday Blitz June 1 2021"]
[White "Stelmaszyk, Nico"]
[Black "Chizhikov, Vladislav"]
[WhiteFideId "16200462"]
[BlackFideId "4178157"]
[WhiteElo "2119"]
[BlackElo "2265"]
[Result "1/2-1/2"]
[Round "10"]
[TimeControl "180+1"]
[Date "2021.06.01"]
[WhiteClock "0:00:41"]
[BlackClock "0:00:33"]

1. e4 e6 2. Nf3 d5 3. Nc3 dxe4 4. Nxe4 Nd7 5. d4 Ngf6 6. Nxf6+ Nxf6 7. Bd3 Bd7 8. Be3 Bc6 9. O-O Be7 10. Ne5 Qd5 11. Nxc6 Qxc6 12. c3 O-O 13. Qb3 Qb6 14. Qxb6 axb6 15. a3 Rfd8 16. Rad1 c6 17. f3 b5 18. Rfe1 Nd5 19. Be4 Bf6 20. Bxd5 exd5 21. Bf4 g6 22. Re2 Kg7 23. Rde1 h5 24. Kf2 Rac8 25. Be5 Rd7 26. Bxf6+ Kxf6 27. Re8 Rxe8 28. Rxe8 Re7 29. Rxe7 Kxe7 30. h4 Ke6 31. g3 Kf5 32. Kg2 f6 33. Kh3 g5 34. g4+ Kg6 35. Kg3 f5 36. hxg5 hxg4 37. f4 Kg7 38. Kh4 Kg6 39. Kg3 1/2-1/2


[Site "https://www.chess.com"]

[Event "Titled Tuesday Blitz June 1 2021"]
[White "Supi, Luis Paulo"]
[Black "Golubev, Mikhail"]
[WhiteFideId "2106388"]
[BlackFideId "14100983"]
[WhiteElo "2369"]
[BlackElo "2374"]
[Result "1-0"]
[Round "10"]
[TimeControl "180+1"]
[Date "2021.06.01"]
[WhiteClock "0:01:25"]
[BlackClock "0:00:04"]

1. d4 Nf6 2. c4 g6 3. g3 Bg7 4. Bg2 O-O 5. Nc3 d6 6. Nf3 Nbd7 7. O-O e5 8. e4 Re8 9. d5 Nc5 10. Ne1 a5 11. Nd3 b6 12. Rb1 Nfd7 13. b3 Rf8 14. Be3 Nxd3 15. Qxd3 Nc5 16. Qd2 f5 17. exf5 gxf5 18. f4 Bd7 19. fxe5 dxe5 20. d6 c6 21. Bxc5 bxc5 22. Na4 Rf6 23. Kh1 Bf8 24. Nxc5 Rxd6 25. Qe2 Qe7 26. Nxd7 Qxd7 27. Qxe5 Re8 28. Qxf5 Qxf5 29. Rxf5 Re2 30. Rbf1 Be7 31. R5f2 Rdd2 32. Rxe2 Rxe2 33. Bxc6 Rxa2 34. Bd5+ Kh8 35. Rf7 Bb4 36. Be4 Rb2 37. Rxh7+ Kg8 38. Ra7 Rxb3 39. Kg2 Re3 40. Bd5+ Kf8 41. h4 Re2+ 42. Kf3 Rh2 43. Kg4 Bc3 44. h5 Ra2 45. c5 Bd4 46. Bxa2 1-0


[Site "https://www.chess.com"]

[Event "Titled Tuesday Blitz June 1 2021"]
[White "Tanenbaum, Zachary"]
[Black "Karttunen, Mika"]
[WhiteFideId "2060850"]
[BlackFideId "502081"]
[WhiteElo "2165"]
[BlackElo "2343"]
[Result "1/2-1/2"]
[Round "10"]
[TimeControl "180+1"]
[Date "2021.06.01"]
[WhiteClock "0:00:17"]
[BlackClock "0:00:32"]

1. e4 c5 2. Nf3 d6 3. d4 cxd4 4. Nxd4 Nf6 5. Nc3 a6 6. Be3 e5 7. Nb3 Be6 8. h3 Nbd7 9. g4 h6 10. Qd2 Rc8 11. O-O-O Be7 12. Bg2 Nb6 13. Nd5 Bxd5 14. exd5 Nc4 15. Qd3 Nd7 16. Kb1 Bg5 17. f4 Nxe3 18. Qxe3 Bxf4 19. Qd3 O-O 20. h4 g6 21. h5 g5 22. Be4 Nf6 23. Bf5 Rc7 24. Nc1 Re7 25. Ne2 Qc7 26. Nc3 b5 27. Ne4 Nxe4 28. Qxe4 Qc4 29. Rh3 Qxe4 30. Bxe4 Rc8 31. Rb3 Rc4 32. Re1 Rec7 33. a3 Kg7 34. Re2 Rd4 35. Rd3 Rcc4 36. Rxd4 exd4 37. Bd3 Rc5 38. Re7 Rxd5 39. Bg6 Re5 40. Rxf7+ Kg8 41. Rh7 Re7 42. Rxe7 1/2-1/2


[Site "https://www.chess.com"]

[Event "Titled Tuesday Blitz June 1 2021"]
[White "Terry, Renato"]
[Black "Nguyen, Van Huy"]
[WhiteFideId "3803457"]
[BlackFideId "12401064"]
[WhiteElo "2581"]
[BlackElo "2443"]
[Result "1-0"]
[Round "10"]
[TimeControl "180+1"]
[Date "2021.06.01"]
[WhiteClock "0:00:13"]
[BlackClock "0:00:38"]

1. d4 Nf6 2. Bg5 Ne4 3. Bf4 c5 4. f3 Qa5+ 5. c3 Nf6 6. d5 e6 7. e4 exd5 8. e5 Ng8 9. Qxd5 Ne7 10. Qb3 Ng6 11. Bg3 Be7 12. Nd2 O-O 13. Nc4 Qd8 14. O-O-O Nc6 15. f4 d5 16. exd6 Bf6 17. Nf3 Be6 18. Qxb7 Na5 19. Nxa5 Qxa5 20. Qa6 Bxc3 21. Qxa5 Bxa5 22. Ba6 Rfd8 23. Ne5 Bxa2 24. Nc6 Bb6 25. Nxd8 Rxd8 26. f5 Nf8 27. Bb5 c4 28. d7 Be3+ 29. Kc2 Bb3+ 30. Kc3 Bb6 31. Kb4 a5+ 32. Kc3 Bc5 33. Bc7 Bb4+ 34. Kd4 Rxd7+ 35. Bxd7 Nxd7 36. Rde1 Bc5+ 37. Kd5 c3+ 38. Kc6 cxb2 39. Kxd7 a4 40. Re8+ Bf8 41. Bd6 h5 42. Rxf8+ 1-0


[Site "https://www.chess.com"]

[Event "Titled Tuesday Blitz June 1 2021"]
[White "Thejkumar, M. S."]
[Black "Iskusnyh, Sergei"]
[WhiteFideId "5009154"]
[BlackFideId "4120027"]
[WhiteElo "2312"]
[BlackElo "2492"]
[Result "1-0"]
[Round "10"]
[TimeControl "180+1"]
[Date "2021.06.01"]
[WhiteClock "0:00:45"]
[BlackClock "0:00:01"]

1. d4 d5 2. c4 e6 3. Nf3 dxc4 4. e3 a6 5. Bxc4 b5 6. Bd3 Bb7 7. O-O Nf6 8. Qe2 c5 9. a4 b4 10. Rd1 Nbd7 11. Nbd2 Be7 12. a5 O-O 13. Nc4 Qc7 14. Bd2 cxd4 15. exd4 Bd5 16. Nfe5 Qb7 17. f3 Nxe5 18. dxe5 Nd7 19. Kh1 Rfc8 20. Ne3 Nc5 21. Nxd5 exd5 22. Bf5 Re8 23. Be3 Rad8 24. Qf2 Nb3 25. Rab1 Bf8 26. Bb6 Rb8 27. Qe3 g6 28. Bc2 Bg7 29. Bxb3 Rxe5 30. Qf4 Rbe8 31. h3 h5 32. Rbc1 Qb8 33. Rc7 R8e7 34. Rxe7 Re1+ 35. Rdxe1 Qxf4 36. Bxd5 Qg3 37. Bc7 Qh4 38. R1e4 Qf2 39. Rxf7 Qxb2 40. Rd7+ Kh8 41. Re8+ Kh7 42. Bg8+ 1-0


[Site "https://www.chess.com"]

[Event "Titled Tuesday Blitz June 1 2021"]
[White "Toniutti, Ezio"]
[Black "Stepanencu, Nicodim-Cosmin"]
[WhiteFideId "113034"]
[BlackFideId "1256220"]
[WhiteElo "2215"]
[BlackElo "1704"]
[Result "1-0"]
[Round "10"]
[TimeControl "180+1"]
[Date "2021.06.01"]
[WhiteClock "0:00:16"]
[BlackClock "0:00:01"]

1. d4 Nf6 2. c4 c6 3. Nc3 d5 4. e3 Bf5 5. cxd5 cxd5 6. Qb3 Nbd7 7. Qxb7 e6 8. Nf3 Be7 9. Be2 O-O 10. O-O Ne4 11. Nxe4 Bxe4 12. b3 Bd6 13. Bb2 Nb6 14. Rac1 Qf6 15. Ne5 Bxe5 16. dxe5 Qg5 17. g3 Qh6 18. Bd4 Qh3 19. f3 Bf5 20. a4 Rfb8 21. Qe7 Re8 22. Qg5 h6 23. Qh4 Qxh4 24. gxh4 Rab8 25. Bb5 Rec8 26. Kf2 Bc2 27. Ba6 Rc7 28. Ke2 Nd7 29. Kd2 Rxb3 30. Rxc2 Rxc2+ 31. Kxc2 Ra3 32. Rb1 Rxa4 33. Bd3 g6 34. Rb7 1-0


[Site "https://www.chess.com"]